 Dungeon Crawl Stone Soup version 0.13-a0-2318-gf5ad1f9 (webtiles) character file.

274 Lekart the Skirmisher (level 4, -1/38 HPs)
             Began as a Draconian Chaos Knight on July 10, 2013.
             Was a Plaything of Xom.
             Slain by an adder (2 damage)
             ... on Level 3 of the Dungeon.
             The game lasted 00:08:53 (1804 turns).

Lekart the Skirmisher (Draconian Chaos Knight)      Turns: 1804, Time: 00:08:55

HP  -1/38        AC  5     Str 16      XL: 4   Next: 48%
MP   4/4         EV 13     Int 12      God: Xom
Gold 173         SH  0     Dex 12      Spells:  0 memorised,  3 levels left

Res.Fire  : . . .   See Invis. : .   a - +0 hand axe (chaos) {=f}
Res.Cold  : . . .   Warding    : .   (armour unavailable)
Life Prot.: . . .   Conserve   : .   (no shield)
Res.Poison: .       Res.Corr.  : .   (helmet restricted)
Res.Elec. : .       Clarity    : .   (no cloak)
Sust.Abil.: . .     Spirit.Shd : .   (no gloves)
Res.Mut.  : .       Stasis     : .   (no boots)
Res.Rott. : .       Flight     : .   (no amulet)
Saprovore : . . .                    (no ring)
                                     o - +2 ring of strength

@: appendage, slightly resistant to hostile enchantments, unstealthy
A: unfitting armour, horns 2, deformed body, AC +5
a: Renounce Religion


You were on level 3 of the Dungeon.
You worshipped Xom.
You were a favourite toy of Xom.
You were not hungry.
You had grown temporary horns.
You visited 1 branch of the dungeon, and saw 3 of its levels.

You collected 153 gold pieces.

Inventory:

Hand weapons
 a - a +0,+0 hand axe of chaos (weapon) {=f}
 u - a +0,+2 orcish hand axe of venom (quivered)
Comestibles
 c - 2 bread rations
 f - a meat ration
 g - 4 apples
 q - a choko
Scrolls
 b - a scroll of noise {unknown}
 d - a scroll of blinking {unknown}
 e - 2 scrolls of identify {unknown}
 j - 3 scrolls of teleportation {unknown}
 k - a scroll of curse jewellery {unknown}
 m - a scroll of fear {unknown}
 n - a scroll of random uselessness {unknown}
 p - 2 scrolls of remove curse {unknown}
 s - a scroll of enchant armour {unknown}
 t - a scroll of recharging {unknown}
Jewellery
 i - an uncursed ring of sustenance {unknown}
 o - a +2 ring of strength (left hand)
Potions
 h - a potion of heal wounds {unknown}
 l - a potion of speed
 v - a potion of slowing {unknown}


   Skills:
 + Level 4.1 Fighting
 + Level 3.7 Axes
 * Level 3.3 Dodging


You had 3 spell levels left.
You didn't know any spells.

Dungeon Overview and Level Annotations

Branches:
Dungeon (3/27)

Altars:

Annotations
D:3 Purgy


Innate Abilities, Weirdness & Mutations

Your plain brown scales are hard (AC +5).
Your body does not fit into most forms of armour.
Your cold-blooded metabolism reacts poorly to cold.
You have a pair of horns on your head.
Your body is misshapen.


Message History

You miss the goblin.
You hear Xom's avuncular chuckle.
Purgy evaporates and reforms as a worm!
The goblin closely misses you. The rat barely misses you.
You hit the goblin.
Your tail-slap misses the goblin.
The goblin is moderately wounded.
The goblin hits you with an orcish dagger.
* * * LOW HITPOINT WARNING * * *
The rat bites you.
* * * LOW HITPOINT WARNING * * *
The goblin closely misses you. The adder misses you.
The adder bites you but does no damage.
There is an escape hatch in the ceiling here.
The adder barely misses you.
The worker ant bites you but does no damage.
The orc hits you with an orcish hammer!
* * * LOW HITPOINT WARNING * * *
The adder bites you.
You die...
Xom is highly amused!

.#.#........##.......##....###
...#........##........#.(......
...##.....####.....##.#........
[..##.#...# ##......%#....>...
...##.##### ####+###.##.).......
...##.#######....#.#..#g###[...
..............(................#
...##.#######....>.#..#####.##.
.####.# .......o@..#....# .# #.#
###.#.g#aS....#+### .# ...
#.....r........... .# #.#
#...w#...........
############.#.#............
..... ........)..##########
##### #......##### ...... .....


You could see Purgy the worm, a worker ant shaped shifter, an adder, an orc, a
goblin and a rat.

Vanquished Creatures
  5 adders
  An orc (D:3)
  2 ball pythons (D:2)
  6 bats
  4 giant cockroaches
  7 goblins
  4 hobgoblins
  7 jackals
  8 kobolds
  3 giant newts
  4 rats
51 creatures vanquished.

Notes
Turn   | Place    | Note
--------------------------------------------------------------
     0 | D:1      | Lekart, the Draconian Chaos Knight, began the quest for the Orb.
     0 | D:1      | Reached XP level 1. HP: 17/17 MP: 1/1
   177 | D:1      | XOM: divination: magic mapping
   459 | D:1      | Reached XP level 2. HP: 22/24 MP: 2/2
   894 | D:1      | XOM: cast spell 'Beastly Appendage'
  1121 | D:2      | Reached XP level 3. HP: 22/30 MP: 3/3
  1234 | D:2      | XOM: cast spell 'Blink'
  1314 | D:2      | XOM: divination: detect creatures
  1325 | D:2      | XOM: 6-stop teleportation journey
  1362 | D:2      | Reached skill level 4 in Fighting
  1580 | D:3      | Reached XP level 4. HP: 30/38 MP: 4/4
  1587 | D:3      | Gained mutation: Your muscles are strong, but stiff (Str +1, Dex -1). [potion of mutation]
  1587 | D:3      | Lost mutation: Your muscles are strong, but stiff (Str +1, Dex -1). [potion of mutation]
  1587 | D:3      | Gained mutation: Your body is misshapen. [potion of mutation]
  1772 | D:3      | Noticed Purgy
  1776 | D:3      | XOM: divination: detect items
  1780 | D:3      | XOM: polymorph giant newt -> bat
  1789 | D:3      | XOM: cast spell 'Beastly Appendage'
  1799 | D:3      | Noticed Purgy
  1799 | D:3      | Purgy changed into Purgy the worm
  1799 | D:3      | XOM: polymorph Purgy -> Purgy the worm
  1804 | D:3      | HP: 1/38 [orc/orcish hammer (7)]
  1804 | D:3      | Slain by an adder

Action                   |  1- 3 |  4- 6 || total
-------------------------+-------+-------++-------
Melee: Hand axe          |   164 |    35 ||   199
  Use: Potion            |       |     4 ||     4
 Stab: Paralysed         |     1 |       ||     1
